SAN JOSE Sharks vs VANCOUVER Canucks

Created - 23 février 2024 at 14:29

Goals
1 2 3 T
SAN JOSE Sharks 2 1 1 4
VANCOUVER Canucks 1 1 0 2
Shots
1 2 3 T
SAN JOSE Sharks 10 5 7 22
VANCOUVER Canucks 7 8 9 24

1st period

1. VANCOUVER Canucks , Mikhail Sergachev 3 (Jake McCabe 9) at 3:50 (PP)
2. SAN JOSE Sharks , Cam Atkinson 2 (Austin Watson 3, Cody Ceci 8) at 11:05
3. SAN JOSE Sharks , John Tavares 9 (Cody Ceci 9, Kyle Connor 12) at 13:21 (SH)

Penalties :
Troy Stecher (SJS) for Roughing (Minor) at 2:06, Matt Boldy (VAN) for Interference (Minor) at 8:04, Sam Bennett (SJS) for Roughing (Minor) at 12:25

2nd period

4. VANCOUVER Canucks , Christopher Tanev 4 (Philip Tomasino 4, Mason Appleton 2) at 1:22
5. SAN JOSE Sharks , Brett Howden 3 (Austin Watson 4, Cam Atkinson 2) at 12:56

Penalties :
John Klingberg (SJS) for Holding (Minor) at 1:28, Stefan Noesen (VAN) for Delaying the game (Minor) at 4:21, Brayden McNabb (SJS) for Hooking (Minor) at 7:22, Sam Bennett (SJS) for High sticking (Minor) at 10:32, Kyle Connor (SJS) for High sticking (Minor) at 13:37

3rd period

6. SAN JOSE Sharks , Joe Pavelski 6 (Kyle Connor 13, Brayden McNabb 5) at 3:55

Penalties :
Jack Johnson (SJS) for Tripping (Minor) at 8:30, Cody Ceci (SJS) for Interference (Minor) at 17:57

Goalie Stats

Semyon Varlamov (SJS), 22 saves from 24 shots - (0,917), W, 1-0-0, 60:00 minutes
Jake Oettinger (VAN), 18 saves from 22 shots - (0,818), L, 10-9-0, 60:00 minutes

Players Stats for SAN JOSE Sharks

Player Name              G  A  P  +/- PIM S  H  SB GA TA FO     MP     PP MP  PK MP  
------------------------------------------------------------------------------------
Andrew Mangiapane        0  0  0   0  0   0  0  0  0  0  2/4    14:43   1:52   0:00 
Austin Watson            0  2  2   2  0   0  0  0  0  0  0/0     5:52   0:00   2:05 
Brayden McNabb           0  1  1   2  2   1  5  1  0  0  0/0    24:55   2:19   7:23 
Brett Howden             1  0  1   2  0   3  0  0  0  0  5/5     3:47   0:00   0:00 
Cam Atkinson             1  1  2   2  0   2  0  0  0  0  0/0     3:47   0:00   0:00 
Cody Ceci                0  2  2   2  2   0  0  1  0  0  0/0    23:16   1:42   7:07 
Evander Kane             0  0  0   0  0   1  1  0  0  0  0/0    14:43   1:52   0:00 
Jack Johnson             0  0  0   1  2   3  2  1  0  0  0/0    22:52   1:39   6:49 
Joe Pavelski             1  0  1   0  0   4  0  0  0  0  1/3    15:41   2:06   0:00 
John Klingberg           0  0  0   1  2   0  2  0  0  0  0/0    21:27   2:16   5:29 
John Tavares             1  0  1   1  0   4  4  1  0  0  13/25  23:54   2:06   8:13 
Kyle Connor              0  2  2   1  2   0  1  0  0  0  1/3    22:53   2:06   7:13 
Matias Maccelli          0  0  0   0  0   0  1  0  0  0  0/0    10:12   0:00   0:00 
Matt Nieto               0  0  0   0  0   0  1  0  0  0  0/1    15:47   0:00   5:35 
Nick Cousins             0  0  0   0  0   0  2  0  0  0  7/12   13:28   0:00   3:16 
Oliver Kylington         0  0  0   0  0   0  2  3  0  0  0/0    13:37   0:00   1:23 
Sam Bennett              0  0  0   0  4   4  3  1  0  0  9/22   19:33   1:52   4:52 
Troy Stecher             0  0  0   0  2   0  3  2  0  0  0/0    13:48   0:00   3:03 

Players Stats for VANCOUVER Canucks

Player Name              G  A  P  +/- PIM S  H  SB GA TA FO     MP     PP MP  PK MP  
------------------------------------------------------------------------------------
Bryan Little             0  0  0  -1  0   1  0  0  0  0  0/0     8:04   0:13   1:40 
Christopher Tanev        1  0  1  -2  0   2  0  0  0  0  0/0    20:35   7:05   1:40 
Jake McCabe              0  1  1   0  0   1  0  0  0  0  0/0    25:56   8:32   2:18 
Jakob Silfverberg        0  0  0  -1  0   0  1  0  0  0  0/1    23:56   8:32   2:37 
Josh Norris              0  0  0  -1  0   1  0  0  0  0  15/28  21:26   8:32   0:07 
Juuso Parssinen          0  0  0  -1  0   1  0  0  0  0  1/6    10:15   0:00   0:00 
Mark Kastelic            0  0  0  -1  0   0  2  0  0  0  3/10    6:11   0:00   0:00 
Mason Appleton           0  1  1   0  0   3  3  0  0  0  1/1    18:17   7:05   0:00 
Matt Boldy               0  0  0  -1  2   3  4  0  0  0  0/0    21:25   8:32   0:07 
Mikhail Sergachev        1  0  1   0  0   5  2  1  0  0  0/0    25:56   8:32   2:18 
Nils Lundkvist           0  0  0  -1  0   1  1  1  0  0  0/0    13:29   0:00   0:00 
Philip Tomasino          0  1  1   0  0   1  1  0  0  0  1/1    18:04   6:52   0:00 
Radim Simek              0  0  0  -2  0   1  1  2  0  0  0/0    20:35   7:05   1:40 
Shane Pinto              0  0  0   0  0   3  1  0  0  0  12/18  18:17   7:05   0:00 
Stefan Noesen            0  0  0  -1  2   0  0  0  0  0  0/0     6:56   0:00   0:46 
Teddy Blueger            0  0  0  -1  0   0  1  0  0  0  0/2    10:43   0:00   0:28 
Tyler Pitlick            0  0  0  -1  0   1  1  0  0  0  4/8    12:26   0:00   2:11 
Victor Mete              0  0  0  -1  0   0  1  3  0  0  0/0    13:29   0:00   0:00 

3 Stars

1 - Cam Atkinson (SJS)
2 - John Tavares (SJS)
3 - Austin Watson (SJS)

Power Play

SAN JOSE Sharks - 0 on 2 Attempt(s) - 0,00%
VANCOUVER Canucks - 1 on 8 Attempt(s) - 12,50%

Penalty Kill

SAN JOSE Sharks - 7 on 8 Attempt(s) - 87,50% - Score 1 goal in Penalty Kill
VANCOUVER Canucks - 2 on 2 Attempt(s) - 100,00% - Score 0 goal in Penalty Kill

Team Stat

SAN JOSE Sharks - Hits : 27 - Faceoff Wins : 38 - Blocked Shots : 10 - Penalty Minutes : 16
VANCOUVER Canucks - Hits : 19 - Faceoff Wins : 37 - Blocked Shots : 7 - Penalty Minutes : 4

Official

Referees : MacKenzie Welter and Furman South
Linesman : Jean-Luc Grand-Pierre and Ben O'Quinn

Game Notes

No Game Note

Finance

Level 1 -- Attendance: 5145 (73,50%) -- Ticket Income $514,500
Level 2 -- Attendance: 4180 (69,67%) -- Ticket Income $250,800
Level 3 -- Attendance: 1979 (49,48%) -- Ticket Income $69,265
Level 4 -- Attendance: 4208 (84,16%) -- Ticket Income $84,160
Luxury Box -- Attendance: 744 (73,59%) -- Ticket Income $148,800
Game was played at the Rogers Arena.
Total Attendance: 16256 (70,64%)
Total Ticket Income: $1,067,525
Other Income: $266,881
Total Income: $1,334,406

SAN JOSE Sharks

5 vs 5 Forward 
   Center                   Left Wing                Right Wing               Time % Phy DF OF 
 1 John Tavares             Kyle Connor              Joe Pavelski             40     1   2  2  
 2 Sam Bennett              Evander Kane             Andrew Mangiapane        30     1   2  2  
 3 Nick Cousins             Matias Maccelli          Matt Nieto               20     1   2  2  
 4 Brett Howden             Cam Atkinson             Austin Watson            10     1   2  2  

5 vs 5 Defense 
   Defense                  Defense                                           Time % Phy DF OF 
 1 Brayden McNabb           Cody Ceci                                         40     1   2  2  
 2 John Klingberg           Jack Johnson                                      30     1   2  2  
 3 Troy Stecher             Oliver Kylington                                  20     1   2  2  
 4 Brayden McNabb           Cody Ceci                                         10     1   2  2  

PowerPlay Forward 
   Center                   Left Wing                Right Wing               Time % Phy DF OF 
 1 John Tavares             Kyle Connor              Joe Pavelski             60     1   1  3  
 2 Sam Bennett              Evander Kane             Andrew Mangiapane        40     1   2  2  

PowerPlay Defense
   Defense                  Defense                                           Time % Phy DF OF 
 1 Brayden McNabb           John Klingberg                                    60     1   2  2  
 2 Cody Ceci                Jack Johnson                                      40     1   2  2  

Penalty Kill 4 Players Forward 
   Center                   Wing                     Time % Phy DF OF 
 1 John Tavares             Kyle Connor              60     1   2  2  
 2 Sam Bennett              Matt Nieto               40     1   2  2  

Penalty Kill 4 Players Defense
   Defense                  Defense                  Time % Phy DF OF 
 1 Brayden McNabb           Cody Ceci                60     1   2  2  
 2 John Klingberg           Jack Johnson             40     1   2  2  

Penalty Kill - 3 Players Forward 
   Forward                                           Time % Phy DF OF 
 1 John Tavares                                      60     1   2  2  
 2 Sam Bennett                                       40     1   2  2  

Penalty Kill - 3 Players Defense
   Defense                  Defense                  Time % Phy DF OF 
 1 Brayden McNabb           Cody Ceci                60     1   2  2  
 2 John Klingberg           Jack Johnson             40     1   2  2  

4 vs 4 Forward 
   Center                   Wing                     Time % Phy DF OF 
 1 John Tavares             Kyle Connor              60     1   2  2  
 2 Sam Bennett              Matt Nieto               40     1   2  2  

4 vs 4 Defense
   Defense                  Defense                  Time % Phy DF OF 
 1 Brayden McNabb           Cody Ceci                60     1   2  2  
 2 John Klingberg           Jack Johnson             40     1   2  2  

Last Minutes Offensive
   Center                   Left Wing                Right Wing               Defense                  Defense                  
   John Tavares             Kyle Connor              Joe Pavelski             Brayden McNabb           Cody Ceci                

Last Minutes Defensive
   Center                   Left Wing                Right Wing               Defense                  Defense                  
   John Tavares             Kyle Connor              Joe Pavelski             Brayden McNabb           Cody Ceci                

Goaltenders
Starting : Semyon Varlamov          
Backup : Ville Husso              

Extra Forwards
Normal : Sam Bennett, Matt Nieto, Evander Kane - PP : Sam Bennett, Matt Nieto - PK : Sam Bennett
Extra Defensemen
Normal : Jack Johnson, Troy Stecher, Oliver Kylington - PP : Jack Johnson - PK : Jack Johnson, Troy Stecher
Penalty Shots
Joe Pavelski, John Tavares, Kyle Connor, Andrew Mangiapane, Sam Bennett

Scratches
None

VANCOUVER Canucks

5 vs 5 Forward 
   Center                   Left Wing                Right Wing               Time % Phy DF OF 
 1 Josh Norris              Matt Boldy               Jakob Silfverberg        40     1   2  2  
 2 Shane Pinto              Philip Tomasino          Mason Appleton           30     1   2  2  
 3 Juuso Parssinen          Teddy Blueger            Tyler Pitlick            20     1   2  2  
 4 Mark Kastelic            Stefan Noesen            Bryan Little             10     1   2  2  

5 vs 5 Defense 
   Defense                  Defense                                           Time % Phy DF OF 
 1 Mikhail Sergachev        Jake McCabe                                       40     1   2  2  
 2 Christopher Tanev        Radim Simek                                       30     1   2  2  
 3 Nils Lundkvist           Victor Mete                                       20     1   2  2  
 4 Mikhail Sergachev        Christopher Tanev                                 10     1   2  2  

PowerPlay Forward 
   Center                   Left Wing                Right Wing               Time % Phy DF OF 
 1 Josh Norris              Matt Boldy               Jakob Silfverberg        60     1   2  2  
 2 Shane Pinto              Philip Tomasino          Mason Appleton           40     1   2  2  

PowerPlay Defense
   Defense                  Defense                                           Time % Phy DF OF 
 1 Mikhail Sergachev        Jake McCabe                                       60     1   2  2  
 2 Christopher Tanev        Radim Simek                                       40     1   2  2  

Penalty Kill 4 Players Forward 
   Center                   Wing                     Time % Phy DF OF 
 1 Tyler Pitlick            Jakob Silfverberg        60     1   2  2  
 2 Bryan Little             Matt Boldy               40     1   2  2  

Penalty Kill 4 Players Defense
   Defense                  Defense                  Time % Phy DF OF 
 1 Mikhail Sergachev        Jake McCabe              60     1   2  2  
 2 Christopher Tanev        Radim Simek              40     1   2  2  

Penalty Kill - 3 Players Forward 
   Forward                                           Time % Phy DF OF 
 1 Jakob Silfverberg                                 60     1   2  2  
 2 Bryan Little                                      40     1   2  2  

Penalty Kill - 3 Players Defense
   Defense                  Defense                  Time % Phy DF OF 
 1 Mikhail Sergachev        Nils Lundkvist           60     1   2  2  
 2 Christopher Tanev        Radim Simek              40     1   2  2  

4 vs 4 Forward 
   Center                   Wing                     Time % Phy DF OF 
 1 Tyler Pitlick            Jakob Silfverberg        60     1   2  2  
 2 Bryan Little             Matt Boldy               40     1   2  2  

4 vs 4 Defense
   Defense                  Defense                  Time % Phy DF OF 
 1 Jake McCabe              Mikhail Sergachev        60     1   2  2  
 2 Christopher Tanev        Radim Simek              40     1   2  2  

Last Minutes Offensive
   Center                   Left Wing                Right Wing               Defense                  Defense                  
   Matt Boldy               Jakob Silfverberg        Bryan Little             Mikhail Sergachev        Jake McCabe              

Last Minutes Defensive
   Center                   Left Wing                Right Wing               Defense                  Defense                  
   Matt Boldy               Jakob Silfverberg        Bryan Little             Mikhail Sergachev        Jake McCabe              

Goaltenders
Starting : Jake Oettinger           
Backup : Joonas Korpisalo         

Extra Forwards
Normal : Bryan Little, Tyler Pitlick, Jakob Silfverberg - PP : Bryan Little, Tyler Pitlick - PK : Bryan Little
Extra Defensemen
Normal : Christopher Tanev, Radim Simek, Victor Mete - PP : Christopher Tanev - PK : Christopher Tanev, Radim Simek
Penalty Shots
Tyler Pitlick, Jakob Silfverberg, Bryan Little, Teddy Blueger, Shane Pinto

Scratches
Martin Jones (Healthy)

% Time on Ice - SAN JOSE Sharks

Lines # - Real PCT - Wanted PCT - Time Play
Normal Forward
1 - 34% - 40% - 13:35
2 - 32% - 30% - 12:51
3 - 25% - 20% - 10:12
4 - 9% - 10% - 3:47
Normal Defense
1 - 37% - 40% - 15:00
2 - 36% - 30% - 14:25
3 - 27% - 20% - 10:46
4 - 1% - 10% - 0:14
PP Forward
1 - 53% - 60% - 2:06
2 - 47% - 40% - 1:52
PP Defense
1 - 58% - 60% - 2:19
2 - 42% - 40% - 1:39
PK Forward
1 - 64% - 60% - 10:02
2 - 36% - 40% - 5:35
PK Defense
1 - 54% - 60% - 8:27
2 - 46% - 40% - 7:10
PK3 Forward
1 - 0% - 60%
2 - 0% - 40%
PK3 Defense
1 - 0% - 60%
2 - 0% - 40%
44 Forward
1 - 0% - 60%
2 - 0% - 40%
44 Defense
1 - 0% - 60%
2 - 0% - 40%
Last Minute Offensive  - 0:00
Last Minute Defensive  - 0:00
Total
Forward - 60:00
Defense - 60:00

% Time on Ice - VANCOUVER Canucks

Lines # - Real PCT - Wanted PCT - Time Play
Normal Forward
1 - 32% - 40% - 12:47
2 - 28% - 30% - 11:12
3 - 25% - 20% - 10:15
4 - 15% - 10% - 6:11
Normal Defense
1 - 37% - 40% - 15:06
2 - 29% - 30% - 11:50
3 - 33% - 20% - 13:29
4 - 0% - 10% - 0:00
PP Forward
1 - 55% - 60% - 8:32
2 - 45% - 40% - 7:05
PP Defense
1 - 55% - 60% - 8:32
2 - 45% - 40% - 7:05
PK Forward
1 - 68% - 60% - 2:43
2 - 32% - 40% - 1:15
PK Defense
1 - 58% - 60% - 2:18
2 - 42% - 40% - 1:40
PK3 Forward
1 - 0% - 60%
2 - 0% - 40%
PK3 Defense
1 - 0% - 60%
2 - 0% - 40%
44 Forward
1 - 0% - 60%
2 - 0% - 40%
44 Defense
1 - 0% - 60%
2 - 0% - 40%
Last Minute Offensive  - 0:00
Last Minute Defensive  - 0:00
Total
Forward - 60:00
Defense - 60:00

Play-by-Play

1st period


0:01 of 1st period - Josh Norris wins face-off versus John Tavares in neutral zone.
0:36 of 1st period - Icing by Kyle Connor.
0:37 of 1st period - Shane Pinto wins face-off versus John Tavares in SAN JOSE Sharks zone.
0:37 of 1st period - Shane Pinto is hit by Brayden McNabb.
1:48 of 1st period - Shot by Sam Bennett.
1:48 of 1st period - Stopped by Jake Oettinger without a rebound.
1:49 of 1st period - Nick Cousins wins face-off versus Teddy Blueger in VANCOUVER Canucks zone.
1:55 of 1st period - Matias Maccelli is hit by Nils Lundkvist.
2:06 of 1st period - Minor Penalty to Troy Stecher for Roughing.
2:07 of 1st period - John Tavares wins face-off versus Josh Norris in SAN JOSE Sharks zone.
2:13 of 1st period - Icing by Matt Boldy.
2:14 of 1st period - John Tavares wins face-off versus Josh Norris in VANCOUVER Canucks zone.
2:27 of 1st period - Matt Nieto is hit by Jakob Silfverberg and loses puck.
2:49 of 1st period - Shot by Matt Boldy.
2:49 of 1st period - Stopped by Semyon Varlamov without a rebound.
2:50 of 1st period - Sam Bennett wins face-off versus Shane Pinto in SAN JOSE Sharks zone.
3:50 of 1st period - Shot by Mikhail Sergachev.
3:50 of 1st period - Goal by Mikhail Sergachev - SAN JOSE Sharks : 0 - VANCOUVER Canucks : 1.
3:51 of 1st period - Brett Howden wins face-off versus Teddy Blueger in neutral zone.
3:56 of 1st period - Shot by Cam Atkinson.
3:56 of 1st period - Stopped by Jake Oettinger without a rebound.
3:57 of 1st period - Josh Norris wins face-off versus Sam Bennett in VANCOUVER Canucks zone.
4:01 of 1st period - Mikhail Sergachev is hit by Evander Kane and loses puck.
4:12 of 1st period - Shot by Matt Boldy.
4:12 of 1st period - Stopped by Semyon Varlamov without a rebound.
4:13 of 1st period - Nick Cousins wins face-off versus Juuso Parssinen in SAN JOSE Sharks zone.
4:18 of 1st period - Nils Lundkvist is hit by Nick Cousins and loses puck.
4:47 of 1st period - Teddy Blueger is hit by Nick Cousins and loses puck.
5:06 of 1st period - Shot by Joe Pavelski.
5:06 of 1st period - Shot Misses the Net.
5:08 of 1st period - Shot by Jack Johnson.
5:08 of 1st period - Shot Blocked by Victor Mete.
5:53 of 1st period - Icing by Victor Mete.
5:54 of 1st period - Sam Bennett wins face-off versus Juuso Parssinen in VANCOUVER Canucks zone.
6:13 of 1st period - Jakob Silfverberg is hit by Sam Bennett and loses puck.
6:24 of 1st period - Shot by Sam Bennett.
6:24 of 1st period - Shot Blocked by Mikhail Sergachev.
6:26 of 1st period - Shot by Andrew Mangiapane.
6:26 of 1st period - Shot Misses the Net.
6:28 of 1st period - Shot by Sam Bennett.
6:28 of 1st period - Shot Misses the Net.
6:30 of 1st period - Shot by Andrew Mangiapane.
6:30 of 1st period - Shot Misses the Net.
6:45 of 1st period - Jakob Silfverberg is hit by Brayden McNabb and loses puck.
7:01 of 1st period - Off-side.
7:02 of 1st period - John Tavares wins face-off versus Shane Pinto in neutral zone.
7:02 of 1st period - Jack Johnson is hit by Mason Appleton and loses puck.
7:15 of 1st period - Shot by Joe Pavelski.
7:15 of 1st period - Stopped by Jake Oettinger with a rebound.
7:39 of 1st period - Shot by Radim Simek.
7:39 of 1st period - Shot Misses the Net.
7:41 of 1st period - Shot by Radim Simek.
7:41 of 1st period - Stopped by Semyon Varlamov without a rebound.
7:42 of 1st period - Sam Bennett wins face-off versus Mark Kastelic in SAN JOSE Sharks zone.
7:42 of 1st period - Sam Bennett is hit by Mark Kastelic.
7:55 of 1st period - Icing by Mikhail Sergachev.
7:56 of 1st period - Mark Kastelic wins face-off versus Nick Cousins in VANCOUVER Canucks zone.
7:56 of 1st period - Mark Kastelic is hit by Matias Maccelli.
8:03 of 1st period - Off-side.
8:04 of 1st period - Sam Bennett wins face-off versus Josh Norris in neutral zone.
8:04 of 1st period - Minor Penalty to Matt Boldy for Interference.
8:05 of 1st period - Tyler Pitlick wins face-off versus Kyle Connor in VANCOUVER Canucks zone.
8:28 of 1st period - Shot by Kyle Connor.
8:28 of 1st period - Shot Blocked by Radim Simek.
8:30 of 1st period - Shot by John Tavares.
8:30 of 1st period - Shot Misses the Net.
8:32 of 1st period - Shot by Brayden McNabb.
8:32 of 1st period - Stopped by Jake Oettinger without a rebound.
8:33 of 1st period - Tyler Pitlick wins face-off versus Andrew Mangiapane in VANCOUVER Canucks zone.
8:44 of 1st period - Cody Ceci is hit by Tyler Pitlick.
9:57 of 1st period - Shot by Joe Pavelski.
9:57 of 1st period - Shot Misses the Net.
9:59 of 1st period - Shot by John Tavares.
9:59 of 1st period - Stopped by Jake Oettinger without a rebound.
10:00 of 1st period - Sam Bennett wins face-off versus Tyler Pitlick in VANCOUVER Canucks zone.
10:15 of 1st period - Shot by Shane Pinto.
10:15 of 1st period - Shot Misses the Net.
10:23 of 1st period - Shot by Mason Appleton.
10:23 of 1st period - Stopped by Semyon Varlamov with a rebound.
10:25 of 1st period - Shot by Shane Pinto.
10:25 of 1st period - Stopped by Semyon Varlamov with a rebound.
10:27 of 1st period - Shot by Philip Tomasino.
10:27 of 1st period - Shot Misses the Net.
10:29 of 1st period - Shot by Mason Appleton.
10:29 of 1st period - Deflect By Shane Pinto.
10:29 of 1st period - Stopped by Semyon Varlamov without a rebound.
10:30 of 1st period - Brett Howden wins face-off versus Juuso Parssinen in SAN JOSE Sharks zone.
10:51 of 1st period - Shot by Cody Ceci.
10:51 of 1st period - Shot Blocked by Radim Simek.
11:05 of 1st period - Shot by Cam Atkinson.
11:05 of 1st period - Goal by Cam Atkinson - SAN JOSE Sharks : 1 - VANCOUVER Canucks : 1.
11:06 of 1st period - Josh Norris wins face-off versus Kyle Connor in neutral zone.
12:25 of 1st period - Minor Penalty to Sam Bennett for Roughing.
12:26 of 1st period - Shane Pinto wins face-off versus Nick Cousins in SAN JOSE Sharks zone.
12:26 of 1st period - Mason Appleton is hit by Brayden McNabb and loses puck.
13:08 of 1st period - John Tavares is hit by Radim Simek and loses puck.
13:21 of 1st period - Shot by John Tavares.
13:21 of 1st period - The goal is going for a video replay.
13:21 of 1st period - The goal is good.
13:21 of 1st period - Goal by John Tavares - SAN JOSE Sharks : 2 - VANCOUVER Canucks : 1.
13:22 of 1st period - Josh Norris wins face-off versus Nick Cousins in neutral zone.
14:26 of 1st period - Mason Appleton is hit by Troy Stecher and loses puck.
14:47 of 1st period - Teddy Blueger is hit by Oliver Kylington and loses puck.
15:24 of 1st period - Oliver Kylington is hit by Mark Kastelic and loses puck.
15:32 of 1st period - Icing by Troy Stecher.
15:33 of 1st period - Sam Bennett wins face-off versus Josh Norris in SAN JOSE Sharks zone.
15:33 of 1st period - Sam Bennett is hit by Matt Boldy.
16:27 of 1st period - Mikhail Sergachev is hit by John Klingberg.
17:13 of 1st period - Christopher Tanev is hit by Kyle Connor.
17:16 of 1st period - Off-side.
17:17 of 1st period - Brett Howden wins face-off versus Mark Kastelic in neutral zone.
17:28 of 1st period - Shot by Brett Howden.
17:28 of 1st period - Stopped by Jake Oettinger with a rebound.
17:30 of 1st period - Shot by Brett Howden.
17:30 of 1st period - Stopped by Jake Oettinger without a rebound.
17:31 of 1st period - Andrew Mangiapane wins face-off versus Juuso Parssinen in VANCOUVER Canucks zone.
17:54 of 1st period - Icing by Brayden McNabb.
17:55 of 1st period - Josh Norris wins face-off versus Sam Bennett in SAN JOSE Sharks zone.
18:20 of 1st period - Shot by Matt Boldy.
18:20 of 1st period - Shot Misses the Net.
18:22 of 1st period - Shot by Josh Norris.
18:22 of 1st period - Shot Blocked by Brayden McNabb.
19:09 of 1st period - Shot by Shane Pinto.
19:09 of 1st period - Shot Misses the Net.
19:25 of 1st period - Shot by John Tavares.
19:25 of 1st period - Stopped by Jake Oettinger without a rebound.
19:26 of 1st period - Nick Cousins wins face-off versus Mark Kastelic in VANCOUVER Canucks zone.
Goals for this period are 2 for SAN JOSE Sharks vs 1 for VANCOUVER Canucks.
Shots for this period are 10 for SAN JOSE Sharks vs 7 for VANCOUVER Canucks.

2nd period


0:01 of 2nd period - Josh Norris wins face-off versus John Tavares in neutral zone.
0:24 of 2nd period - Brayden McNabb is hit by Mikhail Sergachev and loses puck.
1:18 of 2nd period - Shot by Christopher Tanev.
1:18 of 2nd period - Shot Misses the Net.
1:20 of 2nd period - Shot by Christopher Tanev.
1:20 of 2nd period - Shot Misses the Net.
1:22 of 2nd period - Shot by Christopher Tanev.
1:22 of 2nd period - Goal by Christopher Tanev - SAN JOSE Sharks : 2 - VANCOUVER Canucks : 2.
1:23 of 2nd period - Mark Kastelic wins face-off versus Sam Bennett in neutral zone.
1:25 of 2nd period - Bryan Little is hit by John Klingberg.
1:28 of 2nd period - Minor Penalty to John Klingberg for Holding.
1:29 of 2nd period - Shane Pinto wins face-off versus Sam Bennett in SAN JOSE Sharks zone.
1:43 of 2nd period - Off-side.
1:44 of 2nd period - John Tavares wins face-off versus Josh Norris in neutral zone.
3:14 of 2nd period - Shot by Mason Appleton.
3:14 of 2nd period - Shot Blocked by Sam Bennett.
4:21 of 2nd period - Minor Penalty to Stefan Noesen for Delaying the game.
4:22 of 2nd period - Tyler Pitlick wins face-off versus Sam Bennett in VANCOUVER Canucks zone.
4:41 of 2nd period - Tyler Pitlick is hit by Sam Bennett and loses puck.
4:58 of 2nd period - Shot by Brayden McNabb.
4:58 of 2nd period - Shot Misses the Net.
6:06 of 2nd period - Off-side.
6:07 of 2nd period - John Tavares wins face-off versus Tyler Pitlick in neutral zone.
6:09 of 2nd period - Off-side.
6:10 of 2nd period - John Tavares wins face-off versus Tyler Pitlick in neutral zone.
6:21 of 2nd period - Shot by Kyle Connor.
6:21 of 2nd period - Shot Misses the Net.
6:41 of 2nd period - Shot by Shane Pinto.
6:41 of 2nd period - Shot Misses the Net.
6:43 of 2nd period - Shot by Mason Appleton.
6:43 of 2nd period - Shot Blocked by Oliver Kylington.
6:45 of 2nd period - Shot by Mason Appleton.
6:45 of 2nd period - Shot Misses the Net.
6:47 of 2nd period - Shot by Shane Pinto.
6:47 of 2nd period - Deflect By Philip Tomasino.
6:47 of 2nd period - Shot Misses the Net.
6:49 of 2nd period - Shot by Mason Appleton.
6:49 of 2nd period - Shot Misses the Net.
6:51 of 2nd period - Shot by Nils Lundkvist.
6:51 of 2nd period - Shot Blocked by Troy Stecher.
6:53 of 2nd period - Shot by Mason Appleton.
6:53 of 2nd period - Shot Misses the Net.
6:55 of 2nd period - Shot by Nils Lundkvist.
6:55 of 2nd period - Shot Misses the Net.
6:57 of 2nd period - Shot by Mason Appleton.
6:57 of 2nd period - Stopped by Semyon Varlamov without a rebound.
6:58 of 2nd period - Andrew Mangiapane wins face-off versus Mark Kastelic in SAN JOSE Sharks zone.
7:22 of 2nd period - Minor Penalty to Brayden McNabb for Hooking.
7:23 of 2nd period - John Tavares wins face-off versus Josh Norris in SAN JOSE Sharks zone.
7:23 of 2nd period - John Tavares is hit by Matt Boldy.
10:27 of 2nd period - Shot by Matt Nieto.
10:27 of 2nd period - Shot Misses the Net.
10:29 of 2nd period - Shot by Matias Maccelli.
10:29 of 2nd period - Shot Misses the Net.
10:31 of 2nd period - Shot by Jack Johnson.
10:31 of 2nd period - Stopped by Jake Oettinger without a rebound.
10:32 of 2nd period - Shane Pinto wins face-off versus Sam Bennett in VANCOUVER Canucks zone.
10:32 of 2nd period - Minor Penalty to Sam Bennett for High sticking.
10:33 of 2nd period - Josh Norris wins face-off versus John Tavares in SAN JOSE Sharks zone.
10:54 of 2nd period - Shot by Mikhail Sergachev.
10:54 of 2nd period - Deflect By Matt Boldy.
10:54 of 2nd period - Stopped by Semyon Varlamov with a rebound.
10:56 of 2nd period - Shot by Jake McCabe.
10:56 of 2nd period - Shot Misses the Net.
10:58 of 2nd period - Shot by Matt Boldy.
10:58 of 2nd period - Shot Misses the Net.
11:40 of 2nd period - Shot by Philip Tomasino.
11:40 of 2nd period - Deflect By Shane Pinto.
11:40 of 2nd period - Shot Misses the Net.
11:48 of 2nd period - Shot by Radim Simek.
11:48 of 2nd period - Shot Misses the Net.
12:16 of 2nd period - Shot by Mikhail Sergachev.
12:16 of 2nd period - Shot Blocked by Cody Ceci.
12:18 of 2nd period - Shot by Jake McCabe.
12:18 of 2nd period - Shot Misses the Net.
12:20 of 2nd period - Shot by Jake McCabe.
12:20 of 2nd period - Shot Misses the Net.
12:32 of 2nd period - Shot by Matt Boldy.
12:32 of 2nd period - Shot Misses the Net.
12:42 of 2nd period - Shot by Sam Bennett.
12:42 of 2nd period - Stopped by Jake Oettinger with a rebound.
12:44 of 2nd period - Shot by Sam Bennett.
12:44 of 2nd period - Stopped by Jake Oettinger without a rebound.
12:45 of 2nd period - Brett Howden wins face-off versus Mark Kastelic in VANCOUVER Canucks zone.
12:52 of 2nd period - Shot by Austin Watson.
12:52 of 2nd period - Shot Misses the Net.
12:54 of 2nd period - Shot by Austin Watson.
12:54 of 2nd period - Shot Blocked by Nils Lundkvist.
12:56 of 2nd period - Shot by Brett Howden.
12:56 of 2nd period - Goal by Brett Howden - SAN JOSE Sharks : 3 - VANCOUVER Canucks : 2.
12:57 of 2nd period - Juuso Parssinen wins face-off versus Joe Pavelski in neutral zone.
13:33 of 2nd period - Christopher Tanev is hit by John Tavares and loses puck.
13:37 of 2nd period - Minor Penalty to Kyle Connor for High sticking.
13:38 of 2nd period - Josh Norris wins face-off versus John Tavares in SAN JOSE Sharks zone.
13:41 of 2nd period - Shot by Mikhail Sergachev.
13:41 of 2nd period - Shot Misses the Net.
13:43 of 2nd period - Shot by Jakob Silfverberg.
13:43 of 2nd period - Shot Misses the Net.
13:45 of 2nd period - Shot by Jake McCabe.
13:45 of 2nd period - Shot Misses the Net.
14:58 of 2nd period - Shot by Shane Pinto.
14:58 of 2nd period - Stopped by Semyon Varlamov with a rebound.
15:00 of 2nd period - Shot by Christopher Tanev.
15:00 of 2nd period - Stopped by Semyon Varlamov without a rebound.
15:01 of 2nd period - John Tavares wins face-off versus Josh Norris in SAN JOSE Sharks zone.
15:29 of 2nd period - Shot by Jake McCabe.
15:29 of 2nd period - Stopped by Semyon Varlamov without a rebound.
15:30 of 2nd period - Shane Pinto wins face-off versus Sam Bennett in SAN JOSE Sharks zone.
15:37 of 2nd period - Shot by Mason Appleton.
15:37 of 2nd period - Stopped by Semyon Varlamov without a rebound.
15:38 of 2nd period - Mason Appleton wins face-off versus Nick Cousins in SAN JOSE Sharks zone.
15:38 of 2nd period - Mason Appleton is hit by Oliver Kylington.
16:02 of 2nd period - Shot by Philip Tomasino.
16:02 of 2nd period - Stopped by Semyon Varlamov without a rebound.
16:03 of 2nd period - Tyler Pitlick wins face-off versus Sam Bennett in SAN JOSE Sharks zone.
16:15 of 2nd period - Icing by Cody Ceci.
16:16 of 2nd period - Josh Norris wins face-off versus Sam Bennett in SAN JOSE Sharks zone.
16:18 of 2nd period - Jakob Silfverberg is hit by Brayden McNabb and loses puck.
17:19 of 2nd period - Icing by Brayden McNabb.
17:20 of 2nd period - Shane Pinto wins face-off versus Sam Bennett in SAN JOSE Sharks zone.
17:20 of 2nd period - Shane Pinto is hit by Brayden McNabb.
17:50 of 2nd period - Mason Appleton is hit by Sam Bennett and loses puck.
18:17 of 2nd period - Teddy Blueger is hit by John Tavares and loses puck.
18:32 of 2nd period - Shot by Joe Pavelski.
18:32 of 2nd period - Stopped by Jake Oettinger without a rebound.
18:33 of 2nd period - Josh Norris wins face-off versus Matt Nieto in VANCOUVER Canucks zone.
18:33 of 2nd period - Josh Norris is hit by Matt Nieto.
18:43 of 2nd period - Shot by Matt Boldy.
18:43 of 2nd period - Shot Blocked by Oliver Kylington.
18:46 of 2nd period - Icing by Troy Stecher.
18:47 of 2nd period - Mark Kastelic wins face-off versus Nick Cousins in SAN JOSE Sharks zone.
18:47 of 2nd period - Mark Kastelic is hit by Troy Stecher.
Goals for this period are 1 for SAN JOSE Sharks vs 1 for VANCOUVER Canucks.
Shots for this period are 5 for SAN JOSE Sharks vs 8 for VANCOUVER Canucks.

3rd period


0:01 of 3rd period - John Tavares wins face-off versus Josh Norris in neutral zone.
0:55 of 3rd period - Icing by Mikhail Sergachev.
0:56 of 3rd period - Josh Norris wins face-off versus Sam Bennett in VANCOUVER Canucks zone.
2:33 of 3rd period - Matias Maccelli is hit by Victor Mete.
2:46 of 3rd period - Icing by Troy Stecher.
2:47 of 3rd period - Nick Cousins wins face-off versus Mark Kastelic in SAN JOSE Sharks zone.
3:09 of 3rd period - Shot by Mikhail Sergachev.
3:09 of 3rd period - Shot Blocked by Troy Stecher.
3:11 of 3rd period - Shot by Bryan Little.
3:11 of 3rd period - Shot Hit the Post.
3:13 of 3rd period - Shot by Mikhail Sergachev.
3:13 of 3rd period - Stopped by Semyon Varlamov without a rebound.
3:14 of 3rd period - John Tavares wins face-off versus Josh Norris in SAN JOSE Sharks zone.
3:20 of 3rd period - Kyle Connor is hit by Matt Boldy and loses puck.
3:49 of 3rd period - Shot by Kyle Connor.
3:49 of 3rd period - Shot Misses the Net.
3:53 of 3rd period - Shot by Kyle Connor.
3:53 of 3rd period - Shot Misses the Net.
3:55 of 3rd period - Shot by Joe Pavelski.
3:55 of 3rd period - Goal by Joe Pavelski - SAN JOSE Sharks : 4 - VANCOUVER Canucks : 2.
3:56 of 3rd period - Sam Bennett wins face-off versus Shane Pinto in neutral zone.
4:06 of 3rd period - Icing by Mikhail Sergachev.
4:07 of 3rd period - Brett Howden wins face-off versus Shane Pinto in VANCOUVER Canucks zone.
4:10 of 3rd period - Shot by John Klingberg.
4:10 of 3rd period - Shot Misses the Net.
4:12 of 3rd period - Shot by Jack Johnson.
4:12 of 3rd period - Stopped by Jake Oettinger without a rebound.
4:13 of 3rd period - Shane Pinto wins face-off versus Sam Bennett in VANCOUVER Canucks zone.
4:26 of 3rd period - Jack Johnson is hit by Mason Appleton and loses puck.
4:31 of 3rd period - Shot by Mason Appleton.
4:31 of 3rd period - Shot Blocked by Jack Johnson.
5:22 of 3rd period - Off-side.
5:23 of 3rd period - Nick Cousins wins face-off versus Josh Norris in neutral zone.
6:31 of 3rd period - Shot by Teddy Blueger.
6:31 of 3rd period - Shot Misses the Net.
6:33 of 3rd period - Shot by Juuso Parssinen.
6:33 of 3rd period - Stopped by Semyon Varlamov without a rebound.
6:34 of 3rd period - Joe Pavelski wins face-off versus Mark Kastelic in SAN JOSE Sharks zone.
6:43 of 3rd period - Shot by Bryan Little.
6:43 of 3rd period - Stopped by Semyon Varlamov with a rebound.
6:52 of 3rd period - Mikhail Sergachev is hit by John Tavares.
7:05 of 3rd period - John Tavares is hit by Mikhail Sergachev and loses puck.
7:15 of 3rd period - Off-side.
7:16 of 3rd period - Shane Pinto wins face-off versus Sam Bennett in neutral zone.
8:24 of 3rd period - Icing by Jack Johnson.
8:25 of 3rd period - Sam Bennett wins face-off versus Juuso Parssinen in SAN JOSE Sharks zone.
8:25 of 3rd period - Sam Bennett is hit by Teddy Blueger.
8:30 of 3rd period - Minor Penalty to Jack Johnson for Tripping.
8:31 of 3rd period - John Tavares wins face-off versus Josh Norris in SAN JOSE Sharks zone.
8:40 of 3rd period - Brayden McNabb is hit by Matt Boldy and loses puck.
9:29 of 3rd period - Shot by Shane Pinto.
9:29 of 3rd period - Shot Hit the Post.
9:31 of 3rd period - Shot by Mason Appleton.
9:31 of 3rd period - Shot Misses the Net.
10:25 of 3rd period - Shot by Matt Boldy.
10:25 of 3rd period - Shot Misses the Net.
10:29 of 3rd period - Shot by Jake McCabe.
10:29 of 3rd period - Shot Misses the Net.
10:43 of 3rd period - Shot by Teddy Blueger.
10:43 of 3rd period - Shot Blocked by Oliver Kylington.
10:45 of 3rd period - Shot by Tyler Pitlick.
10:45 of 3rd period - Stopped by Semyon Varlamov with a rebound.
12:14 of 3rd period - Shot by Kyle Connor.
12:14 of 3rd period - Shot Misses the Net.
12:16 of 3rd period - Shot by Jack Johnson.
12:16 of 3rd period - Stopped by Jake Oettinger without a rebound.
12:17 of 3rd period - Josh Norris wins face-off versus Andrew Mangiapane in VANCOUVER Canucks zone.
12:33 of 3rd period - Shot by Sam Bennett.
12:33 of 3rd period - Stopped by Jake Oettinger without a rebound.
12:34 of 3rd period - Philip Tomasino wins face-off versus John Tavares in VANCOUVER Canucks zone.
12:34 of 3rd period - Philip Tomasino is hit by John Tavares.
12:43 of 3rd period - Off-side.
12:44 of 3rd period - Josh Norris wins face-off versus Joe Pavelski in neutral zone.
13:16 of 3rd period - Shot by Nils Lundkvist.
13:16 of 3rd period - Stopped by Semyon Varlamov without a rebound.
13:17 of 3rd period - Sam Bennett wins face-off versus Shane Pinto in SAN JOSE Sharks zone.
13:23 of 3rd period - Brayden McNabb is hit by Philip Tomasino and loses puck.
13:28 of 3rd period - Evander Kane is hit by Mason Appleton and loses puck.
14:33 of 3rd period - Shot by Joe Pavelski.
14:33 of 3rd period - Stopped by Jake Oettinger without a rebound.
14:34 of 3rd period - Nick Cousins wins face-off versus Jakob Silfverberg in VANCOUVER Canucks zone.
14:42 of 3rd period - Christopher Tanev is hit by Jack Johnson and loses puck.
15:07 of 3rd period - Shot by Josh Norris.
15:07 of 3rd period - Stopped by Semyon Varlamov without a rebound.
15:08 of 3rd period - Kyle Connor wins face-off versus Tyler Pitlick in SAN JOSE Sharks zone.
15:19 of 3rd period - Shot by John Tavares.
15:19 of 3rd period - Deflect By Kyle Connor.
15:19 of 3rd period - Shot Misses the Net.
15:21 of 3rd period - Shot by Joe Pavelski.
15:21 of 3rd period - Deflect By Kyle Connor.
15:21 of 3rd period - Shot Misses the Net.
15:34 of 3rd period - Tyler Pitlick is hit by Troy Stecher and loses puck.
16:16 of 3rd period - Shot by Sam Bennett.
16:16 of 3rd period - Shot Misses the Net.
16:36 of 3rd period - Shot by Andrew Mangiapane.
16:36 of 3rd period - Shot Blocked by Victor Mete.
16:38 of 3rd period - Shot by Cody Ceci.
16:38 of 3rd period - Shot Blocked by Victor Mete.
16:40 of 3rd period - Shot by Evander Kane.
16:40 of 3rd period - Stopped by Jake Oettinger without a rebound.
16:41 of 3rd period - Nick Cousins wins face-off versus Josh Norris in VANCOUVER Canucks zone.
17:33 of 3rd period - Icing by Jake McCabe.
17:34 of 3rd period - John Tavares wins face-off versus Josh Norris in VANCOUVER Canucks zone.
17:40 of 3rd period - Off-side.
17:41 of 3rd period - Shane Pinto wins face-off versus John Tavares in neutral zone.
17:43 of 3rd period - Off-side.
17:44 of 3rd period - John Tavares wins face-off versus Shane Pinto in neutral zone.
17:52 of 3rd period - Shot by John Tavares.
17:52 of 3rd period - Stopped by Jake Oettinger without a rebound.
17:53 of 3rd period - Shane Pinto wins face-off versus John Tavares in VANCOUVER Canucks zone.
17:57 of 3rd period - Minor Penalty to Cody Ceci for Interference.
17:58 of 3rd period - Shane Pinto wins face-off versus John Tavares in SAN JOSE Sharks zone.
17:58 of 3rd period - Mikhail Sergachev is hit by Jack Johnson and loses puck.
18:09 of 3rd period - Shot by Mikhail Sergachev.
18:09 of 3rd period - Stopped by Semyon Varlamov without a rebound.
18:10 of 3rd period - Josh Norris wins face-off versus John Tavares in SAN JOSE Sharks zone.
18:11 of 3rd period - Shot by Jake McCabe.
18:11 of 3rd period - Shot Blocked by John Tavares.
18:13 of 3rd period - Shot by Mikhail Sergachev.
18:13 of 3rd period - Stopped by Semyon Varlamov without a rebound.
18:14 of 3rd period - Josh Norris wins face-off versus John Tavares in SAN JOSE Sharks zone.
18:33 of 3rd period - Shot by Mikhail Sergachev.
18:33 of 3rd period - Stopped by Semyon Varlamov without a rebound.
18:34 of 3rd period - Shane Pinto wins face-off versus John Tavares in SAN JOSE Sharks zone.
18:45 of 3rd period - Jack Johnson is hit by Shane Pinto.
19:52 of 3rd period - Shot by Mikhail Sergachev.
19:52 of 3rd period - Shot Misses the Net.
19:54 of 3rd period - Shot by Jake McCabe.
19:54 of 3rd period - Shot Misses the Net.
19:56 of 3rd period - Shot by Jake McCabe.
19:56 of 3rd period - Shot Misses the Net.
Goals for this period are 1 for SAN JOSE Sharks vs 0 for VANCOUVER Canucks.
Shots for this period are 7 for SAN JOSE Sharks vs 9 for VANCOUVER Canucks. Output by the SimonT Hockey Simulator (STHS) for Martin Benoit - Original Page W3C HTML5 Valid
Hockey Simulator - Hockey Simulation - Hockey Manager